Map: New Gettysburg LE

Players

raidmax

  • Race: Protoss Protoss
  • League: Gold

Nickos - Winner!

  • Race: Terran Terran
  • League: Gold

VOD

Have the link to the VOD?

Description

Time

  • Played on: Oct. 2, 2016, 6:15 p.m.
  • Length: 10:35
Show
View Real Time Build Order
Export as new Build Order

raidmax Protoss 

Build Orders:  

Get SALT Encoding   

  12  0:01  Probe (Chrono Boost)  
  13  0:12  Probe (Chrono Boost)  
  14  0:22  Pylon  
  14  0:26  Probe (Chrono Boost)  
  15  0:44  Gateway  
  15  0:49  Forge  
  15  0:51  Probe (Chrono Boost)  
  16  0:59  Assimilator  
  16  1:02  Probe (Chrono Boost)  
  17  1:13  Probe (Chrono Boost)  
  17  1:14  Pylon  
  18  1:23  Probe (Chrono Boost)  
  19  1:32  Cybernetics Core  
  19  1:34  Probe (Chrono Boost)  
  20  1:44  Probe (Chrono Boost)  
  21  1:55  Warp Gate  
  21  1:58  Probe (Chrono Boost)  
  21  2:00  Assimilator  
  22  2:05  Pylon  
  22  2:07  Gateway  
  22  2:26  Gateway  
  22  2:43  Probe (Chrono Boost)  
  23  2:46  Gateway x2  
  23  2:49  Zealot  
  25  3:07  Photon Cannon  
  25  3:12  Pylon  
  25  3:46  Pylon  
  25  3:58  Stalker  
  25  3:59  Stalker x4  
  35  4:11  Photon Cannon  
  33  4:35  Stalker x2  
  33  4:36  Stalker  
  37  4:51  Stargate  
  38  4:52  Probe (Chrono Boost)  
  38  5:20  Nexus  
  38  5:21  Pylon  
  37  5:37  Oracle  
  37  5:39  Probe (Chrono Boost)  
  41  5:56  Probe (Chrono Boost)  
  42  6:08  Probe (Chrono Boost), Stargate  
  43  6:15  Robotics Facility  
  43  6:18  Void Ray  
  44  7:09  Robotics Bay  
  44  7:13  Probe (Chrono Boost)  
  44  7:15  Probe (Chrono Boost)  
  46  7:18  Photon Cannon  
  46  7:20  Photon Cannon  
  46  7:22  Photon Cannon  
  46  7:24  Probe (Chrono Boost)  
  46  7:25  Pylon  
  46  7:27  Probe (Chrono Boost)  
  40  7:35  Photon Cannon  
  38  7:39  Probe (Chrono Boost), Pylon  
  38  7:41  Probe (Chrono Boost)  
  38  7:43  Assimilator  
  40  7:50  Colossus  
  41  7:51  Probe (Chrono Boost)  
  47  8:10  Pylon  
  47  8:16  Extended Thermal Lance  
  45  8:20  Stalker x4  
  53  8:42  Stalker  
  53  8:46  Observer  
  56  9:01  Colossus  
  56  9:07  Probe (Chrono Boost), Assimilator  
  63  9:19  Probe (Chrono Boost)  
  62  9:31  Probe (Chrono Boost)  
  51  9:33  Stalker x4  
  42  9:43  Probe (Chrono Boost)  
  24  10:13  Zealot x2  
  24  10:14  Zealot x3  
Show
View Real Time Build Order
Export as new Build Order

Nickos Terran - Winner!

Build Orders: MMM Bio 

Get SALT Encoding   

  12  0:01  SCV  
  13  0:13  SCV  
  14  0:19  Supply Depot  
  14  0:25  SCV  
  15  0:41  SCV  
  15  0:42  Barracks  
  16  0:53  SCV  
  17  1:05  SCV  
  18  1:17  SCV  
  19  1:25  Command Center  
  19  1:31  Marine  
  20  1:36  Orbital Command  
  19  1:59  Supply Depot  
  19  2:11  SCV  
  20  2:16  Marine  
  21  2:23  SCV  
  21  2:24  Refinery, Barracks  
  21  2:25  Barracks  
  21  2:28  Refinery  
  22  2:41  SCV  
  22  2:42  Marine  
  24  2:47  Orbital Command  
  24  2:53  SCV  
  25  3:00  Marine  
  26  3:06  SCV  
  28  3:20  SCV  
  28  3:21  SCV  
  28  3:23  Barracks Tech Lab  
  28  3:24  Barracks Reactor  
  29  3:31  Barracks Reactor  
  29  3:33  SCV  
  30  3:38  Factory  
  30  3:42  Marine  
  30  3:43  Bunker  
  31  3:50  SCV x2  
  31  3:54  Stimpack  
  33  3:59  Bunker  
  33  4:02  SCV, Marine x3  
  36  4:03  SCV  
  36  4:08  Marine x2  
  40  4:14  SCV  
  40  4:15  SCV  
  42  4:20  Marine  
  43  4:33  Marine x3  
  46  4:39  Factory Reactor, Starport  
  46  4:57  Supply Depot  
  46  4:58  Supply Depot  
  46  5:00  Engineering Bay  
  46  5:03  Engineering Bay  
  46  5:18  SCV x2, Marine x5  
  53  5:30  SCV x2  
  55  5:37  Marine x3  
  55  5:38  Marine x2  
  55  5:42  SCV x2  
  62  5:45  Missile Turret  
  61  5:55  Missile Turret  
  61  5:57  Supply Depot  
  61  6:01  Missile Turret  
  61  6:03  Supply Depot  
  61  6:08  Missile Turret x2  
  61  6:15  Terran Infantry Weapons Level 1, Terran Infantry Armor Level 1  
  61  6:16  Marine  
  61  6:18  Medivac x2, Marine x4  
  62  6:22  Barracks  
  70  6:25  Command Center  
  70  6:26  Combat Shields  
  70  6:30  SCV  
  70  6:31  SCV  
  70  6:32  Armory  
  72  6:34  Marine  
  72  6:36  Marine x2  
  75  6:40  Supply Depot x2  
  75  6:48  SCV x2  
  75  6:50  Marine  
  78  6:55  Missile Turret  
  78  7:00  SCV  
  78  7:01  Medivac x2, Marine x2  
  78  7:07  Refinery, Marine x2  
  78  7:08  Marine  
  85  7:32  Marine x5  
  85  7:33  Medivac x2  
  85  7:36  Supply Depot  
  94  7:38  Supply Depot  
  94  7:44  Barracks Tech Lab  
  94  7:51  Barracks  
  94  7:52  Marine x3  
  94  7:53  Refinery x2  
  94  7:54  Marine  
  94  7:55  Barracks  
  94  7:56  Barracks  
  98  8:00  Supply Depot, SCV  
  98  8:02  SCV  
  98  8:04  Concussive Shells  
  100  8:06  Marine  
  101  8:27  Marine x2  
  101  8:28  Marine x3  
  101  8:29  Medivac x2  
  110  8:36  Orbital Command  
  110  8:38  Barracks Tech Lab  
  110  8:45  Marine x2  
  110  8:46  Barracks Tech Lab  
  110  8:48  Marauder  
  114  8:54  SCV x2  
  116  8:59  Medivac  
  118  9:04  Marine x4  
  118  9:06  Marauder, SCV  
  125  9:15  Marauder x2  
  119  9:27  Marine x3  
  119  9:28  Marine, Marauder  
  117  9:36  Marauder  
  117  9:37  Marine x2  
  120  9:44  Marine  
  121  9:49  Marauder  
  121  9:50  Marine  
  121  9:51  Marine x2  
  124  9:54  Marine  
  124  9:57  Marine x2  
  126  10:02  Marine  
  126  10:08  Marine x2  
  126  10:09  Marine  
  126  10:10  Marine  
  126  10:12  Marine  
  130  10:15  Marine x2  
  133  10:31  Supply Depot  
  133  10:33  Supply Depot  
Tags
 
Composition
MMM Bio
League
GoldGold
Matchup
PvT
Replay Pack
Nickos replay
Add a new tag
Caveats
  • Supply blocks, unpowered buildings, or Contaminate may cause inaccurate times.
  • Supply counts are checked every 10 seconds.